 Dungeon Crawl Stone Soup version 0.29.1-15-g9cfb28693d (webtiles) character file.

Game seed: 1232221496231938716

9294 Arctor the Fighter (level 11, -2/102 HPs)
             Began as a Minotaur Fighter on Feb 24, 2023.
             Was a Believer of the Shining One.
             Slain by a salamander
             ... wielding a +0 trident
              (6 damage)
             ... in a volcano.
             The game lasted 00:11:30 (10820 turns).

Arctor the Fighter (Minotaur Fighter)              Turns: 10820, Time: 00:11:32

Health: -2/102     AC: 23    Str: 24 (26) XL:     11   Next: 21%
Magic:  7/10       EV:  7    Int:  2 (5)  God:    the Shining One [**....]
Gold:   746        SH: 12    Dex: 10 (11) Spells: 10/10 levels left

rFire   + . .      SeeInvis .   n - +1 war axe (distort)
rCold   + . .      Faith    .   c - +0 buckler
rNeg    + . .      Spirit   .   M - +2 plate armour {rF+}
rPois   .          Reflect  .   (helmet unavailable)
rElec   .          Harm     .   u - +2 cloak
rCorr   +          Rampage  .   I - +0 pair of gloves
Will    .....                   m - +0 pair of boots
Stlth   ..........              (no amulet)
HPRegen 0.27/turn               s - ring of Uskayaw's Generosity {rC+ Dex+2 Stlth+}
MPRegen 0.12/turn               w - ring of resist corrosion

@: mighty, divinely shielded, flying, glowing
A: horns 3, retaliatory headbutt
a: Renounce Religion, Divine Shield


You were in a volcano.
You worshipped the Shining One.
The Shining One was pleased with you.
You visited 3 branches of the dungeon, and saw 11 of its levels.
You also visited: Volcano.

You collected 746 gold pieces.

Inventory:

Hand Weapons
 a - a +0 war axe
 n - a +1 war axe of distortion (weapon)
Missiles
 D - 2 throwing nets (quivered)
Armour
 b - a +0 scale mail
 c - a +0 buckler (worn)
 g - +3 gold dragon scales
 m - a +0 pair of boots (worn)
 u - a +2 cloak (worn)
 I - a +0 pair of gloves (worn)
 M - a +2 plate armour of fire resistance (worn)
Jewellery
 s - the ring of Uskayaw's Generosity (left hand) {rC+ Dex+2 Stlth+}
   (You found it on level 3 of the Dungeon)

   [ring of protection from cold]

   Dex:       It affects your dexterity (+2).
   rC:        It protects you from cold.
   Stlth:     It makes you more stealthy.
 w - a ring of resist corrosion (right hand)
 y - a +6 ring of intelligence
Wands
 p - a wand of flame (26)
 x - a wand of charming (2)
 H - a wand of light (6)
Scrolls
 f - 2 scrolls of immolation
 i - 2 scrolls of magic mapping
 j - 3 scrolls of teleportation
 k - 2 scrolls of vulnerability
 t - 2 scrolls of poison
 v - 2 scrolls of noise
 A - 2 scrolls of butterflies {unknown}
 B - a scroll of torment {unknown}
 C - 4 scrolls of identify
 F - a scroll of enchant weapon {unknown}
Potions
 d - 8 potions of might
 h - 2 potions of mutation
 o - a potion of flight
 q - 2 potions of ambrosia {unknown}
 r - 3 potions of berserk rage {unknown}
 z - 4 potions of attraction {unknown}
 E - 4 potions of resistance {unknown}
 G - a potion of cancellation {unknown}
 J - a potion of haste
 K - a potion of lignification {unknown}
 L - a potion of invisibility {unknown}


   Skills:
 + Level 11.2 Fighting
 + Level 10.8 Axes
 + Level 11.1 Armour
 + Level 11.1 Shields


You had 10 spell levels left.
You didn't know any spells.
Your spell library contained the following spells:

 Spells                   Type           Power      Damage    Failure   Level
 Blink                    Tloc           0%         N/A       100%        2
 Ensorcelled Hibernation  Hex/Ice        0%         N/A       100%        2
 Passwall                 Tmut/Erth      0%         N/A       100%        2
 Lesser Beckoning         Tloc           0%         N/A       100%        3
 Swiftness                Air            0%         N/A       100%        3
 Manifold Assault         Tloc           0%         N/A       100%        5


Dungeon Overview and Level Annotations

Branches:
Dungeon (9/15)             Temple (1/1) D:4            Lair (0/5) D:9
    Orc (1/2) D:9         Volcano (1/1)

Altars:
Ashenzari
Cheibriados
Dithmenos
Elyvilon
Fedhas
Gozag
Hepliaklqana
Kikubaaqudgha
Makhleb
Nemelex Xobeh
Okawaru
Qazlal
Ru
Sif Muna
Trog
Uskayaw
Vehumet
Wu Jian
Xom
Yredelemnul
Zin
The Shining One

Shops:
D:4 ?=*


Innate Abilities, Weirdness & Mutations

You have a pair of large horns on your head.
You reflexively headbutt those who attack you in melee.


Message History

You hit the salamander mystic.
Space warps around the salamander mystic.
The salamander blinks!
The salamander hits you from afar with a +0 trident.
* * * LOW HITPOINT WARNING * * *
You are engulfed in flames.
You resist.
* * * LOW HITPOINT WARNING * * *
The salamander mystic hits you but does no damage.
The salamander hits you from afar with a +0 trident.
* * * LOW HITPOINT WARNING * * *
You are engulfed in flames.
You resist.
* * * LOW HITPOINT WARNING * * *
You feel better.
The salamander mystic casts a spell at you.
The bolt of magma misses you. The salamander barely misses you.
You slash the salamander mystic!
Space warps around the salamander mystic.
You kill the salamander mystic!
The salamander hits you but does no damage.
The salamander closely misses you.
Your shield is strengthened by the Shining One's divine power.
The salamander hits you from afar with a +0 trident.
* * * LOW HITPOINT WARNING * * *
You are engulfed in flames.
You resist.
* * * LOW HITPOINT WARNING * * *
You feel better. You block the salamander's attack.
The salamander hits you but does no damage.
You block the salamander's attack. You block the salamander's attack.
It was a potion of degeneration.
There was something very wrong with that liquid.
You feel weakened.
You feel dopey.
You feel clumsy. You block the salamander's attack.
The salamander barely misses you.
It was a potion of flight.
You feel very buoyant.
You fly up into the air.
You block the salamander's attack.
The salamander hits you from afar with a +0 trident!
* * * LOW HITPOINT WARNING * * *
You are engulfed in flames.
You resist.
You die...

#........§....#.## ###
##...≈≈≈≈≈§≈§...###
##§..≈§≈≈§≈§≈§.....##
##...§≈§§≈§§≈≈≈≈≈....#
#...§§≈§§§≈≈§§≈§....##
##...§§§≈§§≈§§§≈§.....#
###.....§§§§§≈§§≈.....###
###........§≈≈≈≈≈≈≈.......#
#..######§§.....@.N....###..#
.§### ##########N..### #..#
.§≈≈§ ##.##### ## §§§§§≈#
#).∩..# §§≈≈≈≈# #..$.)##
≈≈≈§≈## #$.=$[.# ≈≈≈###
#≈§.)!§≈≈# ≈≈## ##≈≈§≈§≈##
### ##§≈≈§##


You could see 2 salamanders.

Vanquished Creatures
  A salamander mystic (Volcano)
  Psyche (D:7)
  A komodo dragon (D:9)
  2 trolls
  Prince Ribbit (D:8)
  A vampire (D:9)
  2 yaks (D:8)
  3 fire bats (Orc:1)
  Grum (D:8)
  A steam dragon (D:9)
  5 orc warriors
  An ice beast (D:5)
  3 wolves
  7 ogres
  3 centaurs
  2 phantoms
  9 kobold brigands (D:9)
  3 bullfrogs
  A necrophage (D:4)
  8 wights
  9 killer bees
  6 howler monkeys
  4 orc priests
  3 jellies
  A hound (D:5)
  4 iguanas
  6 orc wizards
  6 gnolls
  6 adders
  3 worms
  2 dart slugs
  30 orcs
  4 bats
  7 endoplasms
  3 giant cockroaches
  14 hobgoblins
  11 jackals
  2 quokkas
  7 ball pythons
  3 frilled lizards
  6 goblins
  14 kobolds
  9 rats
216 creatures vanquished.

Vanquished Creatures (others)
  A wight (D:8)
  8 plants (D:9)
9 creatures vanquished.

Grand Total: 225 creatures vanquished

Notes
Turn   | Place    | Note
-------+----------+-------------------------------------------
     0 | D:1      | Arctor the Minotaur Fighter began the quest for the Orb.
     0 | D:1      | Reached XP level 1. HP: 19/19 MP: 0/0
    88 | D:1      | Reached XP level 2. HP: 22/27 MP: 1/1
   926 | D:2      | Reached XP level 3. HP: 29/33 MP: 2/2
  1353 | D:2      | Found a faded altar of an unknown god.
  1363 | D:2      | Reached XP level 4. HP: 41/41 MP: 3/3
  1406 | D:2      | Identified the +2 ring mail of Quboruac {rPois rN+ Dex-4}
  2081 | D:3      | Identified the ring of Uskayaw's Generosity {rC+ Dex+2
                  | Stlth+}
  2672 | D:4      | Found Byas's Magic Scroll Boutique.
  2733 | D:4      | Noticed a necrophage
  2738 | D:4      | Killed a necrophage
  2739 | D:4      | Reached XP level 5. HP: 47/47 MP: 4/4
  2755 | D:4      | Found a staircase to the Ecumenical Temple.
  2769 | Temple   | Entered the Ecumenical Temple
  2908 | Temple   | Became a worshipper of the Shining One
  3035 | D:4      | Found a hide-covered altar of Uskayaw.
  3042 | D:4      | Found an opulent altar of Gozag.
  3044 | D:4      | Found a stormy altar of Qazlal.
  3044 | D:4      | Found an ornate altar of the Wu Jian Council.
  3047 | D:4      | Found an ancient bone altar of Kikubaaqudgha.
  3048 | D:4      | Found a hazy altar of Hepliaklqana.
  3175 | D:4      | Noticed a phantom
  3179 | D:4      | Noticed an ogre
  3185 | D:4      | Killed an ogre
  3186 | D:4      | Reached skill level 5 in Fighting
  3186 | D:4      | Reached skill level 5 in Armour
  3186 | D:4      | Reached skill level 5 in Shields
  3188 | D:4      | Killed a phantom
  3189 | D:4      | Reached XP level 6. HP: 54/56 MP: 5/5
  3255 | D:4      | Found Ymuap's Assorted Antiques.
  3425 | D:4      | Found Voucvax's Jewellery Emporium.
  3508 | D:5      | Entered Level 5 of the Dungeon
  3717 | D:5      | Reached skill level 5 in Axes
  3717 | D:5      | Reached XP level 7. HP: 62/62 MP: 6/6
  3815 | D:5      | Noticed a troll
  3821 | D:5      | Killed a troll
  4469 | D:6      | Reached XP level 8. HP: 71/71 MP: 7/7
  6091 | D:7      | Reached XP level 9. HP: 57/81 MP: 8/8
  6332 | D:8      | Noticed Grum
  6332 | D:8      | Reached * piety under the Shining One
  6941 | D:8      | Noticed Psyche
  7043 | D:8      | Noticed Prince Ribbit
  7050 | D:7      | Gained mutation: You have a pair of large horns on your
                  | head. [potion of mutation]
  7053 | D:7      | Killed Psyche
  7385 | D:8      | Killed Prince Ribbit
  7732 | D:8      | Killed Grum
  8646 | D:8      | Reached XP level 10. HP: 79/91 MP: 9/9
  9347 | D:9      | Found a staircase to the Lair.
  9366 | D:9      | Reached skill level 10 in Fighting
  9407 | D:9      | Noticed a two-headed ogre
  9408 | D:9      | Banished a two-headed ogre
  9409 | D:9      | Reached skill level 10 in Armour
  9409 | D:9      | Reached skill level 10 in Shields
  9442 | D:9      | Reached skill level 10 in Axes
  9782 | D:9      | Found a staircase to the Orcish Mines.
  9782 | D:9      | Reached ** piety under the Shining One
 10347 | Orc:1    | Entered Level 1 of the Orcish Mines
 10421 | Orc:1    | Found a dark tunnel.
 10423 | Orc:1    | Reached XP level 11. HP: 96/101 MP: 10/10
 10431 | Volcano  | Entered a volcano
 10465 | Volcano  | Noticed a red draconian
 10475 | Volcano  | Banished a red draconian
 10800 | Volcano  | Noticed a salamander mystic
 10811 | Volcano  | HP: 3/102 [salamander/+0 trident (5)]
 10813 | Volcano  | Killed a salamander mystic
 10820 | Volcano  | HP: 4/102 [salamander/+0 trident (13)]
 10820 | Volcano  | Slain by a salamander

Illustrated notes

Levels and vault maps discovered:
D:1:      dpeg_arrival_solitude, layout_basic, st_stairs_4
D:2:      layout_basic, hellmonk_ecumenical_altar_leap_of_faith,
          guppyfry_early_orc_mine
D:3:      layout_basic, hex_intersection, chequers_decorated_corner
D:4:      layout_loops_cross, grunt_temple_overflow_open,
          minmay_temple_entry_glass, serial_shops, nicolae_shop_behind_doors,
          shop_statue, nicolae_shop_hallway_stairs, minmay_ruptured
D:5:      layout_loops_cross, hangedman_decor_opposing
D:6:      layout_layer_cave
D:7:      layout_cave_pods
D:8:      layout_cave_pools, nicolae_concentric_dashed_squares_wild,
          uniq_psyche, uniq_grum, uniq_prince_ribbit1
D:9:      layout_roguey, david_lair_shrubbed,
          kennysheep_orc_monster_closet_entryway, minivault_24
Temple:   eino_temple_scatter_basement
Orc:1:    layout_caves, basic_altar, serial_shops, shop,
          nicolae_volcano_entry_batcave
Volcano:  volcano_pools

Skill      XL: |  1  2  3  4  5  6  7  8  9 10 11 |
---------------+----------------------------------+-----
Fighting       | 4 5 6 8 9 10 11 | 11.2
Armour         | 4 5 6 8 9 10 11 | 11.1
Shields        | 4 5 6 8 9 10 11 | 11.1
Axes           | 3 4 5 6 7 9 10 | 10.8

Action                   |  1- 3 |  4- 6 |  7- 9 | 10-12 || total
-------------------------+-------+-------+-------+-------++-------
Melee: War axe           |    68 |    85 |   145 |   109 ||   407
       Headbutt          |     8 |     7 |    16 |    28 ||    59
       Unarmed           |       |       |     5 |       ||     5
Invok: Divine Shield     |       |       |     2 |     1 ||     3
  Use: Scroll            |       |     6 |     3 |       ||     9
       Potion            |       |       |     3 |     8 ||    11
 Stab: Sleeping          |       |     3 |       |       ||     3
Armor: Scale mail        |    27 |     1 |       |       ||    28
       Ring mail         |       |    25 |    80 |       ||   105
       Gold dragon scale |       |       |     7 |    60 ||    67
       Skin              |       |       |     1 |       ||     1
       Plate armour      |       |       |       |    14 ||    14
Dodge: Dodged            |    45 |    32 |    96 |    24 ||   197
Block: Buckler           |    17 |    11 |    49 |    61 ||   138
       Other             |       |       |     3 |       ||     3
